 Dungeon Sprint DCSS version 0.30-a0-728-gc68057be0a (webtiles) character file.

Game seed: 1490038429787646857

3017 rocky1 the Stormcaller (level 9, -8/49 HPs)
             Began as a Tengu Air Elementalist on Jan 31, 2023.
             Was the Champion of Vehumet.
             Mangled by a two-headed ogre
             ... wielding a +0 giant club
              (10 damage)
             ... in the Dungeon (Sprint VII: "The Pits") on Feb 1, 2023.
             The game lasted 00:09:06 (1807 turns).

rocky1 the Stormcaller (Tengu Air Elementalist)     Turns: 1807, Time: 00:09:07

Health: -8/49      AC:  3    Str:  9    XL:     9   Next: 85%
Magic:  13/26      EV: 18    Int: 19    God:    Vehumet [******]
Gold:   0          SH:  0    Dex: 15    Spells: 11/33 levels left

rFire   . . .      SeeInvis .    q - +2 scimitar (holy)
rCold   . . .      Faith    .    (no shield)
rNeg    . . .      Spirit   .    a - +0 robe
rPois   .          Reflect  .    (helmet restricted)
rElec   .          Harm     .    (no cloak)
rCorr   .          Rampage  .    r - +0 pair of gloves
Will    .....      NoTele   +    (boots unavailable)
Stlth   ++                       (no amulet)
HPRegen 0.28/turn                (no ring)
MPRegen 0.20/turn                (no ring)

@: flying quickly and evasively, quick
A: beak, talons 3, nimble flight
a: Renounce Religion


You were in the Dungeon.
You worshipped Vehumet.
Vehumet was exalted by your worship.
You visited 1 branch

Inventory:

Hand Weapons
 k - a +2 falchion
 l - a +1 long sword of holy wrath
 q - a +2 scimitar of holy wrath (weapon)
Armour
 a - a +0 robe (worn)
 r - a +0 pair of gloves (worn)
Jewellery
 m - a +3 ring of protection
 n - a +3 ring of intelligence
Scrolls
 i - 5 scrolls of amnesia
Potions
 b - 5 potions of magic
 c - 8 potions of curing
 d - 9 potions of heal wounds
 e - a potion of haste
 f - 2 potions of berserk rage
 h - 2 potions of invisibility
 o - 3 potions of mutation
 p - a potion of might


   Skills:
 - Level 2.3 Fighting
 - Level 2.4 Long Blades
 - Level 6.6 Dodging
 - Level 2.1 Stealth
 * Level 12.8 Spellcasting
 + Level 14.6 Conjurations
 + Level 15.4 Air Magic


You had 11 spell levels left.
You knew the following spells:

 Your Spells              Type           Power      Damage    Failure   Level
a - Shock                 Conj/Air       100%       1d9       0%          1
b - Static Discharge      Conj/Air       100%       2-7/arc   0%          2
c - Swiftness             Air            63%        N/A       1%          3
d - Airstrike             Air            31%        2d(5-21)  1%          4
e - Searing Ray           Conj           100%       2d8       0%          2
f - Iskenderun's Battles  Conj           61%        2d11      1%          5
g - Arcjolt               Conj/Air       31%        1d41      1%          5

Your spell library contained the following spells:

 Spells                   Type           Power      Damage    Failure   Level
 Eringya's Noxious Bog    Tmut/Pois      6%         N/A       88%         6


Dungeon Overview and Level Annotations

Branches:
Dungeon (1/1)

Altars:
Ashenzari
Cheibriados
Dithmenos
Elyvilon
Fedhas
Gozag
Hepliaklqana
Kikubaaqudgha
Makhleb
Nemelex Xobeh
Okawaru
Qazlal
Ru
Sif Muna
Trog
Uskayaw
Vehumet
Wu Jian
Xom
Yredelemnul
Zin
The Shining One
Jiyva
Lugonu


Innate Abilities, Weirdness & Mutations

You have a beak for a mouth.
You have claws for feet.
Your magical nature lets you fly swiftly and evasively.


Message History

Casting: Shock (safe; 0% risk of failure)
Confirm with . or Enter, or press ? or * to list all spells.
Aiming: Airstrike (safe; 1% risk of failure)
Press: ? - help, Dir - move target, f - guardian mummy
Aim: a guardian mummy (empty space bonus: 5/8)
The air twists around and strikes the guardian mummy!!
The guardian mummy is heavily damaged.
The two-headed ogre shouts in stereo!
Casting: Airstrike (safe; 1% risk of failure)
Confirm with . or Enter, or press ? or * to list all spells.
Aiming: Airstrike (safe; 1% risk of failure)
Press: ? - help, Dir - move target, f/p - guardian mummy
Aim: a guardian mummy (heavily damaged, empty space bonus: 5/8)
The air twists around and strikes the guardian mummy!!
You destroy the guardian mummy!
Vehumet accepts your kill.
You feel your power returning.
You feel extremely nervous for a moment...
Pain shoots through your body!
Unknown command.
Aiming: Shock (safe; 0% risk of failure)
Press: ? - help, Q - select action, (/) - cycle Shift-Dir - straight line, f - two-headed ogre
Aim: a two-headed ogre, wielding a +0 giant club and a +0 dire flail (88% to hit)
The zap misses the two-headed ogre.
Your battlesphere fires!
The barrage of energy hits the two-headed ogre.
The two-headed ogre is lightly wounded.
The two-headed ogre completely misses you.
The two-headed ogre hits you with a +0 dire flail!
As you read the scroll of summoning, it crumbles to dust.
Wisps of shadow whirl around you...
Aiming: Shock (safe; 0% risk of failure)
Press: ? - help, Q - select action, (/) - cycle Shift-Dir - straight line, f/p - two-headed ogre
Aim: a two-headed ogre, wielding a +0 giant club and a +0 dire flail (lightly wounded, ally target, 88% to hit)
The zap hits the two-headed ogre.
The two-headed ogre is lightly wounded.
The two-headed ogre hits you with a +0 giant club!!
* * * LOW HITPOINT WARNING * * *
The two-headed ogre hits you with a +0 dire flail!
You die...

'................+
#......#..#......#
#................#
####'#####''######
#.......##''# ##### ##
#.......##..###...# ..+
#.......##...##... ..#
#...<...###...##O##..##
#.......# ##..x.@*....##
#.......###..###'###...#
#.......##..##.....## .#
##########..รท.......+..+
##########..##.....##..#
...#..[.###..###'###...#
...#..[[# ##..........#
...'..))###...##'##..##
...#..))##...##.).##..#


You could see a two-headed ogre (ally target), a friendly small abomination
(summoned) and a friendly battlesphere (wandering).

Vanquished Creatures
  A sea snake (D)
  An orange demon (D)
  A rime drake (D)
  A red devil (D)
  A guardian mummy (D)
  A snapping turtle (D)
  2 wyverns (D)
  3 fire bats (D)
  A steam dragon (D)
  A sky beast (D)
  An ogre (D)
  A centaur (D)
  A jelly (D)
  2 orc priests (D)
  2 iron imps (D)
  A mummy (D)
  2 river rats (D)
  An adder (D)
  An ufetubus (D)
  An adder zombie (D)
  A worm (D)
  3 orcs (D)
  2 endoplasms (D)
  A goblin (D)
  3 jackals (D)
  A kobold (D)
  4 quokkas (D)
  A bat (D)
42 creatures vanquished.

Notes
Turn   | Place    | Note
-------+----------+-------------------------------------------
     0 | D        | rocky1 the Tengu Air Elementalist began the quest for the
                  | Orb.
     0 | D        | Reached XP level 1. HP: 10/10 MP: 4/4
    19 | D        | Found a bloodstained altar of Trog.
    19 | D        | Found a shimmering blue altar of Sif Muna.
    19 | D        | Found a viscous altar of Jiyva.
    19 | D        | Found a hazy altar of Hepliaklqana.
    19 | D        | Found an opulent altar of Gozag.
    20 | D        | Found a glowing golden altar of the Shining One.
    20 | D        | Found a glowing silver altar of Zin.
    20 | D        | Found a basalt altar of Yredelemnul.
    20 | D        | Found a shimmering altar of Xom.
    20 | D        | Found an ornate altar of the Wu Jian Council.
    20 | D        | Found a sacrificial altar of Ru.
    20 | D        | Found a stormy altar of Qazlal.
    20 | D        | Found an iron altar of Okawaru.
    20 | D        | Found a sparkling altar of Nemelex Xobeh.
    20 | D        | Found a burning altar of Makhleb.
    20 | D        | Found a blossoming altar of Fedhas.
    20 | D        | Found a white marble altar of Elyvilon.
    20 | D        | Found a shadowy altar of Dithmenos.
    20 | D        | Found a snail-covered altar of Cheibriados.
    23 | D        | Found a corrupted altar of Lugonu.
    23 | D        | Found a radiant altar of Vehumet.
    24 | D        | Found an ancient bone altar of Kikubaaqudgha.
    24 | D        | Found a hide-covered altar of Uskayaw.
    24 | D        | Found a broken altar of Ashenzari.
    32 | D        | Became a worshipper of Vehumet
   100 | D        | Reached * piety under Vehumet
   100 | D        | Offered knowledge of Magic Dart by Vehumet.
   101 | D        | Reached skill level 5 in Air Magic
   103 | D        | Reached XP level 2. HP: 14/15 MP: 0/6
   103 | D        | Reached ** piety under Vehumet
   174 | D        | Reached skill level 6 in Air Magic
   176 | D        | Reached *** piety under Vehumet
   209 | D        | Reached skill level 7 in Air Magic
   209 | D        | Reached XP level 3. HP: 10/19 MP: 0/8
   214 | D        | Reached skill level 5 in Conjurations
   214 | D        | Reached XP level 4. HP: 20/24 MP: 2/10
   346 | D        | Learned a level 2 spell: Static Discharge
   350 | D        | Learned a level 3 spell: Swiftness
   355 | D        | Learned a level 4 spell: Airstrike
   366 | D        | Noticed a fire bat
   370 | D        | Killed a fire bat
   370 | D        | Offered knowledge of Sandblast by Vehumet.
   370 | D        | Reached **** piety under Vehumet
   371 | D        | Reached skill level 5 in Dodging
   371 | D        | Reached skill level 9 in Air Magic
   371 | D        | Gained mutation: Your magical nature lets you fly swiftly
                  | and evasively. [Tengu growth]
   371 | D        | Reached XP level 5. HP: 16/28 MP: 1/13
   384 | D        | Reached skill level 10 in Air Magic
   465 | D        | Reached XP level 6. HP: 32/32 MP: 8/14
   556 | D        | Offered knowledge of Searing Ray by Vehumet.
   557 | D        | Reached skill level 5 in Spellcasting
   571 | D        | Learned a level 2 spell: Searing Ray
   580 | D        | Reached ***** piety under Vehumet
   580 | D        | Offered knowledge of Stone Arrow by Vehumet.
   687 | D        | Reached skill level 1 in Fighting
   697 | D        | Offered knowledge of Iskenderun's Battlesphere by Vehumet.
   734 | D        | Learned a level 5 spell: Iskenderun's Battlesphere
   740 | D        | Noticed a fire bat
   742 | D        | Killed a fire bat
   742 | D        | Offered knowledge of Olgreb's Toxic Radiance by Vehumet.
   743 | D        | Reached skill level 10 in Conjurations
   743 | D        | Reached skill level 11 in Air Magic
   743 | D        | Reached XP level 7. HP: 40/40 MP: 9/18
   920 | D        | Noticed a snapping turtle
   920 | D        | Noticed a fire bat
   926 | D        | Killed a fire bat
   927 | D        | Reached skill level 12 in Air Magic
   935 | D        | Killed a snapping turtle
   935 | D        | Offered knowledge of Arcjolt by Vehumet.
   936 | D        | Reached XP level 8. HP: 7/45 MP: 9/22
   942 | D        | Learned a level 5 spell: Arcjolt
  1084 | D        | Noticed an orange demon
  1091 | D        | Killed an orange demon
  1092 | D        | Reached skill level 13 in Air Magic
  1156 | D        | Noticed a wyvern
  1162 | D        | Killed a wyvern
  1163 | D        | Reached skill level 10 in Spellcasting
  1401 | D        | Noticed a sea snake
  1401 | D        | Noticed a wyvern
  1408 | D        | Killed a sea snake
  1408 | D        | Killed a wyvern
  1409 | D        | Reached skill level 14 in Air Magic
  1409 | D        | Reached XP level 9. HP: 16/49 MP: 15/25
  1533 | D        | Noticed a rime drake
  1533 | D        | Noticed a red devil
  1538 | D        | Killed a red devil
  1543 | D        | Killed a rime drake
  1543 | D        | Reached ****** piety under Vehumet
  1543 | D        | Offered knowledge of Eringya's Noxious Bog by Vehumet.
  1544 | D        | Reached skill level 15 in Air Magic
  1802 | D        | Noticed a two-headed ogre
  1802 | D        | Noticed a guardian mummy
  1804 | D        | Killed a guardian mummy
  1807 | D        | HP: 2/49 [two-headed ogre/+0 giant club (23)]
  1807 | D        | Mangled by a two-headed ogre

Illustrated notes

Levels and vault maps discovered:
D:        pitsprint [storerooms_1, entrance_room_1, metal_vault_5, armoury_1,
          mini_pit_1, grid_room_1, main_hall_1, silver_pit, the_coven_2,
          the_vestibule_1, steel_vault_2, golden_pit, hallway_of_sentries,
          crystal_vault_3, iron_vault_2, final_vault]

Skill      XL: |  1  2  3  4  5  6  7  8  9 |
---------------+----------------------------+-----
Air Magic      | 5 7 9 10 11 12 14 15 | 15.4
Dodging        | 3 4 5 6 |  6.6
Conjurations   | 4 5 8 10 11 13 14 | 14.6
Spellcasting   | 3 4 7 9 11 12 | 12.8
Fighting       | 2 |  2.3
Long Blades    | 2 |  2.4
Stealth        | |  2.1

Action                     |  1- 3 |  4- 6 |  7- 9 || total
---------------------------+-------+-------+-------++-------
  Melee: Falchion          |     6 |       |       ||     6
         Kick              |     2 |     4 |       ||     6
         Peck              |     2 |     2 |       ||     4
         Long sword        |       |    22 |       ||    22
         Scimitar          |       |       |     5 ||     5
         Punch             |       |       |     1 ||     1
   Cast: Shock             |    19 |    28 |    34 ||    81
         Airstrike         |       |     2 |    10 ||    12
         Swiftness         |       |     1 |     1 ||     2
         Iskenderun's Batt |       |     1 |     4 ||     5
         Arcjolt           |       |       |     4 ||     4
    Use: Potion            |     1 |       |     1 ||     2
         Scroll            |       |       |     2 ||     2
   Stab: Sleeping          |       |     2 |       ||     2
 Armour: Robe              |     2 |     2 |     2 ||     6
  Dodge: Dodged            |    14 |    36 |    19 ||    69

Table legend: (Time is in decaauts)
 A = Elapsed time spent in this place.
 B = Non-inter-level travel time spent in this place.
 C = Inter-level travel time spent in this place.
 D = Time resting spent in this place.
 E = Time spent auto-exploring this place.
 F = Levels seen in this place.
 G = Mean time per level.
                   A        B        C        D        E       F      G
               +--------+--------+--------+--------+--------+-----+--------+
         Total |   1805 |   1747 |     58 |   1275 |      0 |   1 | 1805.0 |
       Dungeon |   1805 |   1747 |     58 |   1275 |      0 |   1 | 1805.0 |
               +--------+--------+--------+--------+--------+-----+--------+

Top non-repeatable levels by time:
       D: 1805 daAuts
